APP
GREENEVILLE ASTROS @ TEXAS (APP) RANGERS
05/04/2044
 
TOP OF THE 1ST
Greeneville Astros batting - Pitching for Texas (APP) Rangers : LHP Ken Berger
Pitching: LHP Ken Berger
Batting: RHB Jason Monico 0-0: Foul Ball, location: 2F
0-1: Ball
1-1: Ball
2-1: SINGLE (Groundball, 56S, EV 71.9 MPH) (infield hit)
Batting: RHB Jorge Gutierrez 0-0: Ball
1-0: Called Strike
1-1: Swinging Strike
1-2: Strikes out swinging
Batting: RHB Ryan Salas 0-0: Ball
Wild Pitch!
Jason Monico to second
1-0: Foul Ball, location: 2F
1-1: Called Strike
1-2: Ball
2-2: Ball
3-2: Ground out U3 (Groundball, 34, EV 86.2 MPH)
Jason Monico to third
Batting: RHB Ramon Castellon 0-0: Ball
1-0: Swinging Strike
1-1: Ball
2-1: Ball
Wild Pitch!
Jason Monico scores
3-1: Base on Balls
Batting: LHB Kyle Moore 0-0: Called Strike
0-1: Ball
1-1: Foul Ball, location: 2F
1-2: Foul Ball, location: 2F
1-2: Ball
2-2: Ball
3-2: Base on Balls
Ramon Castellon to second
Batting: RHB Bruce Bermudez 0-0: Foul Ball, location: 2F
0-1: Foul Ball, location: 2F
0-2: Foul Ball, location: 2F
0-2: Ball
1-2: Strikes out swinging
Top of the 1st over - 1 run, 1 hit, 0 errors, 2 left on base; Greeneville 1 - Texas (APP) 0
BOTTOM OF THE 1ST
Texas (APP) Rangers batting - Pitching for Greeneville Astros : LHP Ruben Rojas
Pitching: LHP Ruben Rojas
Batting: LHB Walter Vegter 0-0: Ball
1-0: Ball
2-0: Called Strike
2-1: Foul Ball, location: 2F
2-2: Ball
3-2: Foul Ball, location: 2F
3-2: Foul Ball, location: 2F
3-2: Base on Balls
Batting: RHB David Redman 0-0: Called Strike
0-1: Ball
1-1: Foul Ball, location: 2F
1-2: DOUBLE (Flyball, 89D, EV 93.1 MPH)
Walter Vegter to third
Batting: RHB Robby Adair 0-0: Ball
1-0: Ball
2-0: 3-RUN HOME RUN (Flyball, 9D, EV 94.4 MPH), Distance : 361 ft
Batting: RHB Ryan Pastore 0-0: Called Strike
0-1: Ball
1-1: SOLO HOME RUN (Flyball, 9D, EV 96.9 MPH), Distance : 371 ft
Batting: LHB Tomoya Hashimoto 0-0: Ground out 6-3 (Groundball, 6S, EV 65.0 MPH)
Batting: RHB Matt Silva 0-0: Ball
1-0: Ball
2-0: Called Strike
2-1: Swinging Strike
2-2: Ball
3-2: Base on Balls
Batting: RHB Rafael Tapia 0-0: Ball
1-0: Ball
2-0: Ball
3-0: Base on Balls
Matt Silva to second
Batting: RHB Alejandro Luna 0-0: Foul Ball, location: 2F
0-1: Swinging Strike
0-2: Foul Ball, location: 2F
0-2: Strikes out looking
Batting: RHB Carlos Munos 0-0: Swinging Strike
0-1: Ball
1-1: Foul Ball, location: 2F
1-2: Ball
2-2: SINGLE (Groundball, 56S, EV 63.1 MPH) (infield hit)
Matt Silva to third
Rafael Tapia to second
Batting: LHB Walter Vegter 0-0: TRIPLE (Line Drive, 89XD, EV 98.1 MPH)
Matt Silva scores
Rafael Tapia scores
Carlos Munos scores
Batting: RHB David Redman 0-0: Ball
1-0: Ball
2-0: Ball
3-0: Called Strike
3-1: Foul Ball, location: 2F
3-2: Base on Balls
Batting: RHB Robby Adair 0-0: Ball
1-0: Ball
2-0: Ball
3-0: Foul Ball, location: 2F
3-1: Base on Balls
David Redman to second
Batting: RHB Ryan Pastore 0-0: GRAND SLAM HOME RUN (Flyball, 9D, EV 96.2 MPH), Distance : 375 ft
Pitching: RHP Jaquan Alston
Batting: LHB Tomoya Hashimoto 0-0: Called Strike
0-1: Swinging Strike
0-2: Ball
1-2: Ball
2-2: Foul Ball, location: 2F
2-2: Ball
3-2: Ground out 4-3 (Groundball, 4D, EV 106.2 MPH)
Bottom of the 1st over - 11 runs, 6 hits, 0 errors, 0 left on base; Greeneville 1 - Texas (APP) 11
TOP OF THE 2ND
Greeneville Astros batting - Pitching for Texas (APP) Rangers : LHP Ken Berger
Batting: LHB Josh Birkner 0-0: Ball
1-0: Called Strike
1-1: Ball
2-1: Ball
3-1: Called Strike
3-2: Strikes out swinging
Batting: LHB Jimmy Edlin 0-0: Called Strike
0-1: Ball
1-1: Called Strike
1-2: Ball
2-2: Strikes out swinging
Batting: RHB Guo-ning Chen 0-0: Ball
1-0: Foul Ball, location: 2F
1-1: Foul Ball, location: 2F
1-2: Strikes out swinging
Top of the 2nd over - 0 runs, 0 hits, 0 errors, 0 left on base; Greeneville 1 - Texas (APP) 11
BOTTOM OF THE 2ND
Texas (APP) Rangers batting - Pitching for Greeneville Astros : RHP Jaquan Alston
Batting: RHB Matt Silva 0-0: SINGLE (Flyball, 56D, EV 85.6 MPH)
Batting: RHB Rafael Tapia 0-0: SINGLE (Groundball, 6S, EV 68.8 MPH) (infield hit)
Matt Silva to second
Batting: RHB Alejandro Luna 0-0: Ball
1-0: Ball
2-0: Ball
3-0: Called Strike
3-1: Base on Balls
Matt Silva to third
Rafael Tapia to second
Batting: RHB Carlos Munos 0-0: Called Strike
0-1: Ball
1-1: Ball
2-1: Ball
3-1: DOUBLE (Groundball, 5L, EV 100.0 MPH)
Matt Silva scores
Rafael Tapia scores
Alejandro Luna to third
Batting: LHB Walter Vegter 0-0: 3-RUN HOME RUN (Line Drive, 7D, EV 99.4 MPH), Distance : 381 ft
Batting: RHB David Redman 0-0: Ball
1-0: Ball
2-0: Ball
3-0: Called Strike
3-1: Base on Balls
Batting: RHB Robby Adair 0-0: Ball
1-0: Called Strike
1-1: Ball
2-1: SINGLE (Groundball, 6MD, EV 103.8 MPH)
David Redman to second
Batting: RHB Ryan Pastore 0-0: Ball
1-0: Foul Ball, location: 2F
1-1: Ball
2-1: Called Strike
2-2: Foul Ball, location: 2F
2-2: Foul Ball, location: 2F
2-2: Ball
3-2: Base on Balls
David Redman to third
Robby Adair to second
Batting: LHB Tomoya Hashimoto 0-0: Ball
1-0: Ball
2-0: Ground out 6-3 (Groundball, 4MS, EV 71.2 MPH)
David Redman scores
Robby Adair to third
Ryan Pastore to second
Batting: RHB Matt Silva 0-0: Ball
1-0: Ball
Wild Pitch!
Robby Adair scores
Ryan Pastore to third
2-0: Ball
3-0: Base on Balls
Batting: RHB Rafael Tapia 0-0: Called Strike
0-1: Fly out, F4 (Popup, 4M, EV 63.1 MPH)
Batting: RHB Alejandro Luna 0-0: 3-RUN HOME RUN (Flyball, 7D, EV 94.4 MPH), Distance : 364 ft
Batting: RHB Carlos Munos 0-0: Ball
1-0: Ball
2-0: Ball
3-0: Called Strike
3-1: Base on Balls
Batting: LHB Walter Vegter 0-0: Foul Ball, location: 2F
0-1: Ball
1-1: 2-RUN HOME RUN (Line Drive, 89XD, EV 106.2 MPH), Distance : 419 ft
Batting: RHB David Redman 0-0: Ground out 5-3 (Groundball, 56, EV 86.9 MPH)
Bottom of the 2nd over - 12 runs, 7 hits, 0 errors, 0 left on base; Greeneville 1 - Texas (APP) 23
TOP OF THE 3RD
Greeneville Astros batting - Pitching for Texas (APP) Rangers : LHP Ken Berger
Batting: RHB Jason Monico 0-0: Ball
1-0: SOLO HOME RUN (Flyball, 7D, EV 97.5 MPH), Distance : 371 ft
Batting: RHB Jorge Gutierrez 0-0: Called Strike
0-1: Ball
1-1: Ball
2-1: Foul Ball, location: 2F
2-2: Foul Ball, location: 2F
2-2: Strikes out swinging
Batting: RHB Ryan Salas 0-0: Called Strike
0-1: Foul Ball, location: 2F
0-2: Ball
1-2: Ground out 6-3 (Groundball, 6, EV 86.2 MPH)
Batting: RHB Ramon Castellon 0-0: Called Strike
0-1: Foul Ball, location: 2F
0-2: Ball
1-2: Ball
2-2: Foul Ball, location: 2F
2-2: Strikes out looking
Top of the 3rd over - 1 run, 1 hit, 0 errors, 0 left on base; Greeneville 2 - Texas (APP) 23
BOTTOM OF THE 3RD
Texas (APP) Rangers batting - Pitching for Greeneville Astros : RHP Jaquan Alston
Batting: RHB Robby Adair 0-0: Called Strike
0-1: Reached on error, E6 (Groundball, 6, EV 85.6 MPH)
Batting: RHB Ryan Pastore 0-0: Ball
1-0: Ball
2-0: DOUBLE (Flyball, 78XD, EV 98.8 MPH)
Robby Adair to third
Batting: LHB Tomoya Hashimoto 0-0: Ground out 6-3 (Groundball, 6M, EV 86.2 MPH)
Robby Adair scores
Ryan Pastore to third
Batting: RHB Matt Silva 0-0: Foul Ball, location: 2F
0-1: Ball
1-1: Foul Ball, location: 2F
1-2: Foul Ball, location: 2F
1-2: Strikes out swinging
Batting: RHB Rafael Tapia 0-0: Hit by Pitch
Batting: RHB Alejandro Luna 0-0: SINGLE (Groundball, 6MD, EV 105.6 MPH)
Ryan Pastore scores
Rafael Tapia to second
Batting: RHB Carlos Munos 0-0: Ball
1-0: Foul Ball, location: 2F
1-1: 3-RUN HOME RUN (Flyball, 7D, EV 101.9 MPH), Distance : 377 ft
Batting: LHB Walter Vegter 0-0: Ball
1-0: Ball
2-0: Ball
3-0: Called Strike
3-1: Base on Balls
Batting: RHB David Redman 0-0: Foul Ball, location: 2F
0-1: Foul Ball, location: 2F
0-2: Ball
1-2: Ball
2-2: Fly out, F9 (Flyball, 89XD, EV 88.8 MPH)
Bottom of the 3rd over - 5 runs, 3 hits, 1 error, 1 left on base; Greeneville 2 - Texas (APP) 28
TOP OF THE 4TH
Greeneville Astros batting - Pitching for Texas (APP) Rangers : LHP Ken Berger
Batting: LHB Kyle Moore 0-0: Called Strike
0-1: Swinging Strike
0-2: Strikes out swinging
Batting: RHB Bruce Bermudez 0-0: Foul Ball, location: 2F
0-1: Foul Ball, location: 2F
0-2: Hit by Pitch
Batting: LHB Josh Birkner 0-0: Called Strike
0-1: Ball
1-1: Ball
2-1: Fielders Choice at 2nd, 4-6 (Groundball, 4, EV 86.9 MPH)
Batting: LHB Jimmy Edlin 0-0: Foul Ball, location: 2F
0-1: Called Strike
0-2: Foul Ball, location: 2F
0-2: Ball
1-2: Strikes out swinging
Top of the 4th over - 0 runs, 0 hits, 0 errors, 1 left on base; Greeneville 2 - Texas (APP) 28
BOTTOM OF THE 4TH
Texas (APP) Rangers batting - Pitching for Greeneville Astros : RHP Jaquan Alston
Batting: RHB Robby Adair 0-0: Called Strike
0-1: Foul Ball, location: 2F
0-2: Fly out, F4 (Popup, 4, EV 71.9 MPH)
Batting: RHB Ryan Pastore 0-0: Ball
1-0: Ball
2-0: Reached via error on a dropped throw from 1B, E1 (Groundball, 34, EV 78.1 MPH)
Batting: LHB Tomoya Hashimoto 0-0: Called Strike
0-1: Grounds into double play, 6-4-3 (Groundball, 6S, EV 80.0 MPH)
Bottom of the 4th over - 0 runs, 0 hits, 1 error, 0 left on base; Greeneville 2 - Texas (APP) 28
TOP OF THE 5TH
Greeneville Astros batting - Pitching for Texas (APP) Rangers : LHP Ken Berger
Batting: RHB Guo-ning Chen 0-0: Swinging Strike
0-1: Called Strike
0-2: Ball
1-2: Ball
2-2: Strikes out swinging
Batting: RHB Jason Monico 0-0: Ball
1-0: SINGLE (Groundball, 4MD, EV 101.2 MPH)
Batting: RHB Jorge Gutierrez 0-0: Called Strike
0-1: SINGLE (Flyball, 78S, EV 90.6 MPH)
Jason Monico to second
Batting: RHB Ryan Salas 0-0: Called Strike
Jason Monico steals 3rd base (no throw)
0-1: Ball
1-1: SINGLE (Groundball, 56D, EV 95.0 MPH)
Jason Monico scores
Jorge Gutierrez to second
Batting: RHB Ramon Castellon 0-0: Ball
1-0: Ball
2-0: Called Strike
2-1: Ball
3-1: Foul Ball, location: 2F
3-2: Strikes out swinging
Ryan Salas steals 2nd base (no throw)
Jorge Gutierrez steals 3rd base
Batter strikes out.
Batting: LHB Kyle Moore 0-0: Called Strike
0-1: Ball
1-1: Swinging Strike
1-2: Ball
2-2: Foul Ball, location: 2F
2-2: Fly out, F7 (Flyball, 7S, EV 92.5 MPH)
Top of the 5th over - 1 run, 3 hits, 0 errors, 2 left on base; Greeneville 3 - Texas (APP) 28
BOTTOM OF THE 5TH
Texas (APP) Rangers batting - Pitching for Greeneville Astros : RHP Jaquan Alston
Batting: RHB Matt Silva 0-0: Ball
1-0: Ball
2-0: Ground out 1-3 (Groundball, 13S, EV 70.0 MPH)
Batting: RHB Rafael Tapia 0-0: Ball
1-0: Swinging Strike
1-1: Ball
2-1: Foul Ball, location: 2F
2-2: Foul Ball, location: 2F
2-2: Ball
3-2: Base on Balls
Batting: RHB Alejandro Luna 0-0: DOUBLE (Line Drive, 78D, EV 103.8 MPH)
Rafael Tapia to third
Batting: RHB Carlos Munos 0-0: SINGLE (Groundball, 4MD, EV 98.1 MPH)
Rafael Tapia scores
Alejandro Luna to third
Batting: LHB Walter Vegter 0-0: Reached on error, E6 (Groundball, 6, EV 98.1 MPH)
Alejandro Luna scores
Carlos Munos to second
Batting: RHB David Redman 0-0: Called Strike
0-1: Ball
1-1: Foul Ball, location: 2F
1-2: Foul Ball, location: 2F
1-2: Ball
2-2: Ball
3-2: Base on Balls
Carlos Munos to third
Walter Vegter to second
Batting: RHB Robby Adair 0-0: Fly out, F9 (Flyball, 9D, EV 89.4 MPH)
Runner from 3rd tags up, SCORES, no throw by RF
Walter Vegter to third
Batting: RHB Ryan Pastore 0-0: Fly out, F9 (Flyball, 9LS, EV 96.2 MPH)
Bottom of the 5th over - 3 runs, 2 hits, 1 error, 2 left on base; Greeneville 3 - Texas (APP) 31
TOP OF THE 6TH
Greeneville Astros batting - Pitching for Texas (APP) Rangers : LHP Ken Berger
Batting: RHB Bruce Bermudez 0-0: Ball
1-0: Foul Ball, location: 2F
1-1: Foul Ball, location: 2F
1-2: Foul Ball, location: 2F
1-2: SINGLE (Flyball, 8LS, EV 97.5 MPH)
Batting: LHB Josh Birkner 0-0: Called Strike
0-1: Ball
1-1: Ball
2-1: Ball
3-1: Foul Ball, location: 2F
3-2: Base on Balls
Bruce Bermudez to second
Pitching: RHP Logan Dietz
Batting: LHB Jimmy Edlin 0-0: Swinging Strike
0-1: Ball
1-1: Foul Ball, location: 2F
1-2: Foul Ball, location: 2F
1-2: Strikes out looking
Batting: RHB Guo-ning Chen 0-0: Swinging Strike
0-1: Called Strike
0-2: Ball
1-2: Strikes out looking
Batting: RHB Jason Monico 0-0: Ball
1-0: Called Strike
1-1: Swinging Strike
1-2: Ground out 5-3 (Groundball, 56S, EV 81.2 MPH)
Top of the 6th over - 0 runs, 1 hit, 0 errors, 2 left on base; Greeneville 3 - Texas (APP) 31
BOTTOM OF THE 6TH
Texas (APP) Rangers batting - Pitching for Greeneville Astros : RHP Jaquan Alston
Batting: LHB Tomoya Hashimoto 0-0: Called Strike
0-1: Ground out U3 (Groundball, 3, EV 78.1 MPH)
Batting: RHB Matt Silva 0-0: Ball
1-0: Ball
2-0: Ball
3-0: Base on Balls
Batting: RHB Rafael Tapia 0-0: Fielders Choice at 2nd, 6-4 (Groundball, 6, EV 103.8 MPH)
Batting: RHB Alejandro Luna 0-0: Fly out, F5 (Popup, 5SF, EV 62.5 MPH)
Bottom of the 6th over - 0 runs, 0 hits, 0 errors, 1 left on base; Greeneville 3 - Texas (APP) 31
TOP OF THE 7TH
Greeneville Astros batting - Pitching for Texas (APP) Rangers : RHP Logan Dietz
Batting: RHB Jorge Gutierrez 0-0: Ball
1-0: Ball
2-0: Called Strike
2-1: SINGLE (Line Drive, 89S, EV 86.9 MPH)
Batting: RHB Ryan Salas 0-0: Ball
1-0: Foul Ball, location: 2F
1-1: Foul Ball, location: 2F
1-2: Ball
2-2: Strikes out swinging
Batting: RHB Ramon Castellon 0-0: Swinging Strike
0-1: Swinging Strike
0-2: Strikes out looking
Batting: LHB Kyle Moore 0-0: Ball
1-0: Ball
Wild Pitch!
Jorge Gutierrez to second
2-0: Called Strike
2-1: Swinging Strike
2-2: Ball
3-2: Ground out 4-3 (Groundball, 4, EV 78.1 MPH)
Top of the 7th over - 0 runs, 1 hit, 0 errors, 1 left on base; Greeneville 3 - Texas (APP) 31
BOTTOM OF THE 7TH
Texas (APP) Rangers batting - Pitching for Greeneville Astros : RHP Jaquan Alston
Batting: RHB Carlos Munos 0-0: SINGLE (Groundball, 6M, EV 101.9 MPH) (infield hit)
Batting: LHB Walter Vegter 0-0: Grounds out, U3 (Groundball, 3L, EV 85.6 MPH)
Batting: RHB David Redman 0-0: SINGLE (Flyball, 5D, EV 92.5 MPH)
Carlos Munos to third
Batting: RHB Robby Adair 0-0: SINGLE (Line Drive, 78S, EV 97.5 MPH)
Carlos Munos scores
David Redman to second
Batting: RHB Ryan Pastore 0-0: SINGLE (Line Drive, 7S, EV 101.2 MPH)
David Redman to third
Robby Adair to second
Batting: LHB Tomoya Hashimoto 0-0: GRAND SLAM HOME RUN (Line Drive, 9LD, EV 98.1 MPH), Distance : 349 ft
Batting: RHB Matt Silva 0-0: SINGLE (Line Drive, 8RS, EV 108.1 MPH)
Batting: RHB Rafael Tapia 0-0: Grounds into double play, 5-4-3 (Groundball, 5, EV 80.6 MPH)
Bottom of the 7th over - 5 runs, 6 hits, 0 errors, 0 left on base; Greeneville 3 - Texas (APP) 36
TOP OF THE 8TH
Greeneville Astros batting - Pitching for Texas (APP) Rangers : RHP Logan Dietz
Batting: RHB Bruce Bermudez 0-0: Ball
1-0: Called Strike
1-1: Ball
2-1: Swinging Strike
2-2: Strikes out swinging
Batting: LHB Josh Birkner 0-0: Called Strike
0-1: SINGLE (Line Drive, 6MD, EV 98.8 MPH)
Batting: LHB Jimmy Edlin 0-0: Called Strike
0-1: Called Strike
0-2: Ball
1-2: Ball
2-2: Strikes out swinging
Batting: RHB Guo-ning Chen 0-0: Swinging Strike
0-1: Ball
1-1: Ground out 6-3 (Groundball, P, EV 82.5 MPH)
Top of the 8th over - 0 runs, 1 hit, 0 errors, 1 left on base; Greeneville 3 - Texas (APP) 36
BOTTOM OF THE 8TH
Texas (APP) Rangers batting - Pitching for Greeneville Astros : RHP Jaquan Alston
Batting: RHB Alejandro Luna 0-0: Ball
1-0: SINGLE (Flyball, 34D, EV 90.0 MPH)
Batting: RHB Carlos Munos 0-0: Fly out, F7 (Line Drive, 7D, EV 98.8 MPH)
Batting: LHB Walter Vegter 0-0: Ball
1-0: Ball
Wild Pitch!
Alejandro Luna to second
2-0: Called Strike
2-1: Ball
3-1: Foul Ball, location: 2F
3-2: Foul Ball, location: 2F
3-2: Base on Balls
Batting: RHB David Redman 0-0: SINGLE (Groundball, 6MS, EV 71.9 MPH) (infield hit)
Alejandro Luna to third
Walter Vegter to second
Batting: RHB Robby Adair 0-0: Ball
1-0: Grounds into double play, 3-6-3 (Groundball, 34S, EV 86.9 MPH)
Bottom of the 8th over - 0 runs, 2 hits, 0 errors, 2 left on base; Greeneville 3 - Texas (APP) 36
TOP OF THE 9TH
Greeneville Astros batting - Pitching for Texas (APP) Rangers : RHP Logan Dietz
Batting: RHB Jason Monico 0-0: Ball
1-0: Ball
2-0: Foul Ball, location: 2F
2-1: Ground out 1-3 (Groundball, P, EV 74.4 MPH)
Batting: RHB Jorge Gutierrez 0-0: Ball
1-0: Ball
2-0: Called Strike
2-1: Ball
3-1: Base on Balls
Batting: RHB Ryan Salas 0-0: SINGLE (Groundball, 34D, EV 94.4 MPH)
Jorge Gutierrez to second
Batting: RHB Ramon Castellon 0-0: Ball
1-0: Ball
2-0: Called Strike
2-1: Ball
3-1: Called Strike
3-2: Strikes out swinging
Pitching: LHP Andy Huguet
Batting: LHB Kyle Moore 0-0: Foul Ball, location: 2F
0-1: Ball
1-1: Foul Ball, location: 2F
1-2: Ball
2-2: Foul Ball, location: 2F
2-2: Strikes out swinging
Top of the 9th over - 0 runs, 1 hit, 0 errors, 2 left on base; Greeneville 3 - Texas (APP) 36
Thursday, March 31st , 2022 - OOTP Baseball 22.12 Build 89